 Dungeon Crawl Stone Soup version 0.20.1-1-g8b1a95d (webtiles) character file.

10871 heyendall the Basher (level 11, -4/99 HPs)
             Began as a Minotaur Berserker on Nov 10, 2017.
             Was a High Priest of Trog.
             Slain by a basilisk (7 damage)
             ... on level 3 of the Lair of Beasts.
             The game lasted 00:34:14 (11539 turns).

heyendall the Basher (Minotaur Berserker)          Turns: 11539, Time: 00:34:14

Health: -4/99      AC:  9    Str: 22    XL:     11   Next: 41%
Magic:  10/10      EV:  2    Int:  4    God:    Trog [*****.]
Gold:   549        SH:  0    Dex: 13    Spells: 10/10 levels left

rFire    . . .     SeeInvis .   l - +4 great mace (distort)
rCold    . . .     Gourm    .   (shield currently unavailable)
rNeg     + + +     Faith    +   L - +0 steam dragon scales
rPois    ∞         Spirit   .   (helmet restricted)
rElec    .         Reflect  .   (no cloak)
rCorr    .         Harm     .   J - +0 pair of gloves
MR       .....                  (no boots)
Stlth    +.........             K - amulet of faith
Regen    0.3/turn               (no ring)
MPRegen  0.2/turn               (no ring)

@: lethally poisoned (-4 -> -4), petrified, berserk cooldown, slowed
A: retaliatory headbutt, horns 2
a: Berserk, Trog's Hand, Brothers in Arms, Burn Spellbooks, Renounce Religion


You were on level 3 of the Lair of Beasts.
You worshipped Trog.
Trog was extremely pleased with you.
You were not hungry.

You visited 2 branches of the dungeon, and saw 12 of its levels.

You collected 549 gold pieces.

Inventory:

Hand Weapons
 a - a +0 mace
 l - a +4 great mace of distortion (weapon)
 r - a +0 flail
 u - a +0 whip
 A - a +0 halberd
 H - a +3 flail of venom
 M - a +0 flail of crushing
Armour
 b - a +0 animal skin
 c - a +0 chain mail
 v - a +1 scale mail
 y - a cursed +0 scale mail
 J - a +0 pair of gloves (worn)
 L - +0 steam dragon scales (worn)
Jewellery
 q - a +5 ring of dexterity {unknown}
 w - an uncursed ring of wizardry
 x - an uncursed ring of magical power
 F - an uncursed ring of magical power
 K - an amulet of faith (around neck)
 P - an uncursed ring of protection from fire {unknown}
 T - a cursed amulet of inaccuracy {unknown}
Wands
 k - a wand of polymorph (18/24)
 G - a wand of enslavement (11/24)
 Q - a wand of random effects (13/48)
 S - a wand of paralysis (6/24)
Scrolls
 d - 4 scrolls of recharging
 e - 5 scrolls of fear
 i - 3 scrolls of remove curse
 p - 6 scrolls of identify
 t - 4 scrolls of teleportation
 z - a scroll of fog
 I - a scroll of magic mapping {unknown}
 U - a scroll of blinking
Potions
 g - a potion of brilliance {unknown}
 h - 2 potions of heal wounds
 j - 4 potions of flight {unknown}
 o - 2 potions of agility
 B - a potion of ambrosia {unknown}
 C - a potion of degeneration {unknown}
 D - 5 potions of curing
 O - a potion of mutation {unknown}
 R - a potion of cancellation
Books
 n - a book of Changes

   Spells                             Type                      Level
   a - Beastly Appendage              Transmutation                1
   b - Sticks to Snakes               Transmutation                2
   c - Spider Form                    Transmutation/Poison         3
   d - Ice Form                       Ice/Transmutation            4
   e - Blade Hands                    Transmutation                5
   Trog disapproves of the use of such an item.
 s - a book of Necromancy

   Spells                             Type                      Level
   a - Pain                           Necromancy                   1
   b - Animate Skeleton               Necromancy                   1
   c - Vampiric Draining              Necromancy                   3
   d - Regeneration                   Charms/Necromancy            3
   e - Animate Dead                   Necromancy                   4
   f - Control Undead                 Necromancy                   4
   Trog disapproves of the use of such an item.
Comestibles
 f - a fruit
 m - 3 royal jellies
 E - 2 bread rations
 N - 2 meat rations


   Skills:
 + Level 9.9 Fighting
 - Level 12.5 Maces & Flails
 * Level 12.4 Armour
 + Level 8.5 Dodging
 - Level 0.1 Stealth


You had 10 spell levels left.
You didn't know any spells.

Dungeon Overview and Level Annotations

Branches:
Dungeon (9/15)             Temple (0/1) D:6            Lair (3/6) D:9
    Orc (0/2) D:9
  Swamp: Lair:2-4    Shoals: Lair:2-4     Snake: Lair:2-4    Spider: Lair:2-4

Altars:
Cheibriados
Dithmenos

Shops:
D:5 !


Innate Abilities, Weirdness & Mutations

You reflexively headbutt those who attack you in melee.
You have a pair of horns on your head.


Message History

The basilisk is severely wounded.
The basilisk blinks!
The spiny frog stings you!
* * * LOW HITPOINT WARNING * * *
You are poisoned.
The spiny frog poisons you! The spiny frog stings you!
* * * LOW HITPOINT WARNING * * *
The spiny frog stings you.
* * * LOW HITPOINT WARNING * * *
You have turned to stone.
The spiny frog stings you!
* * * LOW HITPOINT WARNING * * *
The spiny frog stings you.
* * * LOW HITPOINT WARNING * * *
The spiny frog stings you.
The spiny frog stings you but does no damage.
The spiny frog stings you.
* * * LOW HITPOINT WARNING * * *
The spiny frog stings you but does no damage.
The basilisk bites you!
You die...

... #.# ... #.## .
.... ...#####.$ ##
..... #...#......
#.
....##.)..........
#. ...#...#...8..8.
. +.
#.F............. #.
#l@##.............#
##††.#.#..##..8..#
# #.....##.#....(.#
#..###..........#
....# #.....8....#
###. #.#......###
## #........#
###...###.#
####.#..###


You could see a spiny frog and a basilisk.

Vanquished Creatures
  A hydra (Lair:3)
  A two-headed ogre (D:8)
  Nergalle (Lair:1)
  An ugly thing (D:9)
  A spiny frog (Lair:2)
  A komodo dragon (Lair:2)
  A rime drake (Lair:3)
  A troll (D:9)
  A hippogriff (Lair:2)
  5 blink frogs (Lair:2)
  A dream sheep (Lair:3)
  8 yaks
  A basilisk (Lair:3)
  A steam dragon (D:9)
  Edmund (D:6)
  5 water moccasins
  2 hell hounds (D:9)
  2 orc warriors (D:8)
  5 porcupines
  A sky beast (D:8)
  A black bear (Lair:1)
  4 ice beasts
  2 ogres
  3 centaurs
  3 crocodiles
  A big kobold (D:9)
  7 bullfrogs
  5 killer bees (D:9)
  An electric eel (Lair:2)
  2 howler monkeys
  6 crimson imps
  2 centaur zombies
  2 hounds (D:8)
  A jelly (D:5)
  4 orc wizards
  2 orc priests (D:8)
  A bullfrog skeleton (D:7)
  5 worker ants
  Terence (D:2)
  4 gnolls (D:5)
  A howler monkey skeleton (D:7)
  14 adders
  A shadow imp (D:8)
  2 oozes (D:1)
  An adder zombie (D:7)
  An adder skeleton (D:8)
  4 worms
  A dart slug (D:3)
  3 leopard geckos
  30 orcs
  2 ball pythons
  8 giant cockroaches
  11 hobgoblins
  5 jackals
  17 kobolds
  6 quokkas
  A ball python skeleton (D:6)
  13 bats
  6 frilled lizards
  16 goblins
  12 rats
253 creatures vanquished.

Vanquished Creatures (others)
  2 water moccasins
  A crocodile (Lair:2)
  A bullfrog (Lair:2)
4 creatures vanquished.

Grand Total: 257 creatures vanquished

Notes
Turn   | Place    | Note
-------+----------+-------------------------------------------
     0 | D:1      | heyendall the Minotaur Berserker began the quest for the Orb.
     0 | D:1      | Reached XP level 1. HP: 19/19 MP: 0/0
   383 | D:1      | Reached XP level 2. HP: 19/27 MP: 1/1
   559 | D:1      | Found a shadowy altar of Dithmenos.
   575 | D:1      | Reached ** piety under Trog
   998 | D:1      | Reached XP level 3. HP: 29/34 MP: 2/2
  1485 | D:2      | Reached skill level 5 in Maces & Flails
  1493 | D:2      | Reached XP level 4. HP: 35/41 MP: 3/3
  1530 | D:2      | Noticed Terence
  1540 | D:2      | Killed Terence
  1993 | D:2      | Reached XP level 5. HP: 44/47 MP: 4/4
  2677 | D:3      | Reached *** piety under Trog
  3314 | D:4      | Noticed an ogre
  3320 | D:4      | Killed an ogre
  3320 | D:4      | Reached XP level 6. HP: 53/53 MP: 5/5
  3881 | D:5      | Entered Level 5 of the Dungeon
  3955 | D:5      | Reached **** piety under Trog
  4168 | D:5      | Reached XP level 7. HP: 60/60 MP: 6/6
  4255 | D:5      | Found Sistil's Distillery.
  4561 | D:6      | Noticed Edmund
  4572 | D:6      | Killed Edmund
  4663 | D:6      | Reached skill level 10 in Maces & Flails
  4960 | D:6      | Found a staircase to the Ecumenical Temple.
  5252 | D:6      | Reached XP level 8. HP: 67/67 MP: 7/7
  5561 | D:7      | Found a snail-covered altar of Cheibriados.
  6505 | D:8      | Noticed a two-headed ogre
  6514 | D:8      | Killed a two-headed ogre
  6514 | D:8      | Reached skill level 5 in Fighting
  6514 | D:8      | Reached skill level 5 in Armour
  6514 | D:8      | Reached XP level 9. HP: 41/74 MP: 8/8
  7252 | D:8      | Identified a scroll of acquirement
  7305 | D:8      | Reached ***** piety under Trog
  7992 | D:9      | Found a staircase to the Orcish Mines.
  8073 | D:9      | Noticed a white ugly thing
  8093 | D:9      | Killed a white ugly thing
  8093 | D:9      | Reached skill level 5 in Dodging
  8418 | D:9      | Found a staircase to the Lair.
  8774 | D:9      | Received a gift from Trog
  8774 | D:9      | Reached XP level 10. HP: 86/86 MP: 9/9
  9070 | Lair:1   | Entered Level 1 of the Lair of Beasts
  9585 | Lair:1   | Noticed Nergalle
  9591 | Lair:1   | Reached skill level 10 in Armour
  9593 | Lair:1   | Killed Nergalle
 10088 | Lair:2   | Noticed a spiny frog
 10111 | Lair:2   | Killed a spiny frog
 10701 | Lair:2   | Reached XP level 11. HP: 58/97 MP: 10/10
 11506 | Lair:3   | Noticed a seven-headed hydra
 11515 | Lair:3   | Killed a seven-headed hydra
 11536 | Lair:3   | HP: 4/99 [spiny frog (2)]
 11539 | Lair:3   | Slain by a basilisk

Skill      XL: |  1  2  3  4  5  6  7  8  9 10 11 |
---------------+----------------------------------+-----
Fighting       | 4 5 7 9 |  9.9
Maces & Flails | 4 5 6 7 9 11 12 | 12.5
Armour         | 5 8 11 12 | 12.4
Dodging        | 3 5 7 8 |  8.5
Stealth        | |  0.1

Action                   |  1- 3 |  4- 6 |  7- 9 | 10-12 || total
-------------------------+-------+-------+-------+-------++-------
Melee: Mace              |    92 |    70 |       |       ||   162
       Headbutt          |     9 |    31 |    44 |    22 ||   106
       Unarmed           |       |     8 |       |       ||     8
       Flail             |       |    90 |   155 |       ||   245
       Great mace        |       |       |    60 |   120 ||   180
Invok: Berserk           |     1 |     4 |     9 |     5 ||    19
  Use: Potion            |       |     7 |     1 |     2 ||    10
       Scroll            |       |       |    18 |       ||    18
 Stab: Sleeping          |     2 |       |       |       ||     2
  Eat: Royal jelly       |     1 |       |     1 |       ||     2
       Chunk             |       |     3 |     2 |       ||     5
       Fruit             |       |     1 |     1 |       ||     2
       Bread ration      |       |     2 |     2 |     2 ||     6
       Meat ration       |       |       |     2 |     1 ||     3
Armor: Animal skin       |    16 |    17 |       |       ||    33
       Scale mail        |       |    10 |    37 |       ||    47
       Chain mail        |       |       |    28 |    11 ||    39
       Steam dragon scal |       |       |       |    35 ||    35
Dodge: Dodged            |    73 |   107 |   102 |    99 ||   381
